 Dungeon Crawl Stone Soup version 0.17-a0-977-g4154171 (webtiles) character file.

45 midnightclimax the Ruffian (level 3, 0/36 HPs)
             Began as a Troll Berserker on May 10, 2015.
             Was a Believer of Trog.
             Slain by a gnoll
             ... wielding a +0 spear
              (3 damage)
             ... on level 2 of the Dungeon.
             The game lasted 00:11:47 (1353 turns).

midnightclimax the Ruffian (Troll Berserker)        Turns: 1353, Time: 00:11:47

Health: 0/36       AC:  5    Str: 26    XL:     3   Next: 42%
Magic:  2/2        EV: 10    Int:  3    God:    Trog [**....]
Gold:   41         SH:  0    Dex:  9    Spells: 0 memorised, 2 levels left

rFire  . . .     SeeInvis .     g - +1 spear
rCold  . . .     Clarity  .     a - +0 animal skin
rNeg   . . .     SustAb   .     (no shield)
rPois  .         Gourm    +     (helmet restricted)
rElec  .         Spirit   .     (no cloak)
rCorr  .         Warding  .     (gloves unavailable)
rMut   .         Rnd*Tele +     (boots unavailable)
MR     .....                    (no amulet)
Stlth  +.........               (no ring)
                                p - ring of teleportation (curse)

@: drained, not resistant to hostile enchantments, very unstealthy
A: unfitting armour, claws 3, fast metabolism 3, gourmand, regeneration 2,
shaggy fur 1, tough skin 2
a: Burn Spellbooks, Berserk, Trog's Hand, Renounce Religion, Evoke Teleportation


You were on level 2 of the Dungeon.
You worshipped Trog.
Trog was pleased with you.
You were not hungry.

You visited 1 branch of the dungeon, and saw 2 of its levels.

You collected 41 gold pieces.

Inventory:

Hand weapons
 g - a +1 spear (weapon)
Armour
 a - a +0 animal skin (worn)
Jewellery
 p - a cursed ring of teleportation (left claw)
Scrolls
 f - a scroll of amnesia {unknown}
 h - 4 scrolls of identify {unknown}
 i - 2 scrolls of remove curse {unknown}
 l - a scroll of enchant armour {unknown}
Potions
 d - a potion of lignification {unknown}
 n - a potion of might {unknown}
Comestibles
 k - a meat ration


   Skills:
 + Level 2.8(2.5) Fighting
 + Level 0.2(0.0) Polearms
 + Level 2.9(2.6) Dodging
 + Level 0.1(0.0) Stealth
 + Level 3.4(3.1) Unarmed Combat


You had 2 spell levels left.
You didn't know any spells.

Dungeon Overview and Level Annotations

Branches:
Dungeon (2/15)

Altars:


Innate Abilities, Weirdness & Mutations

You are too large for most types of armour.
You have claws for hands.
Your metabolism is lightning-fast.
You like to eat raw meat.
You heal very quickly.
You are covered in fur (AC +1).
You have very tough skin (AC +2).


Message History

You barely miss the hobgoblin.
The hobgoblin hits you but does no damage.
You hit the hobgoblin but do no damage. The gnoll closely misses you.
The hobgoblin hits you.
You hit the hobgoblin.
You kill the hobgoblin!
Trog accepts your kill. The gnoll barely misses you.
The gnoll hits you with a spear!
* * * LOW HITPOINT WARNING * * *
You see here a club.
The gnoll hits you from afar with a spear.
* * * LOW HITPOINT WARNING * * *
Found a stone staircase leading down.
As you read the scroll labeled SIUCYU MEUSO, it crumbles to dust.
It is a scroll of enchant weapon.
Enchant which weapon? (? for menu, Esc to quit)
Your +0 spear glows red for a moment.
The gnoll hits you from afar with a spear.
You die...

#.#.# #.#.#
#######.#.#
.........# #
#..>.....# ##.#
#@# #..# ...
#.####..# .#
#g......# .##.#
#g#####.# ....#
#.# .# #####
#g# .#
##.####.# .#
...g$...# .#
##...g........#


You could see 3 gnolls.

Vanquished Creatures
  A gnoll (D:2)
  A worm (D:2)
  2 ball pythons (D:1)
  A giant cockroach (D:2)
  3 hobgoblins
  6 bats
  2 giant newts
  7 goblins (D:1)
  2 kobolds (D:1)
  8 rats
33 creatures vanquished.

Notes
Turn   | Place    | Note
--------------------------------------------------------------
     0 | D:1      | midnightclimax, the Troll Berserker, began the quest for the Orb.
     0 | D:1      | Reached XP level 1. HP: 22/22 MP: 0/0
   275 | D:1      | Reached XP level 2. HP: 23/29 MP: 1/1
  1003 | D:1      | Acquired Trog's second power
  1218 | D:2      | Reached XP level 3. HP: 36/36 MP: 2/2
  1350 | D:2      | HP: 1/36 [gnoll/spear (5)]
  1353 | D:2      | Slain by a gnoll

Vault maps used:
D:1:      dpeg_arrival_subterranean_lakeside_camping
D:2:      minmay_goblin_kobold_house, uniq_sigmund

Action                   || total
-------------------------++-------
Melee: Spear             ||   128
       Unarmed           ||    12
  Use: Scroll            ||     3
       Potion            ||     1
  Eat: Bread ration      ||     2
       Beef jerky        ||     1
